 Dungeon Crawl Stone Soup version 0.31-a0-182-gc5ef74bbde (webtiles) character file.

Game seed: 10307182727383380342

1520 qw the Skirmisher (level 8, -13/74 HPs)
             Began as a Naga Hunter on June 20, 2023.
             Was a Follower of Okawaru.
             Shot with a sling bullet by Joseph (18 damage)
             ... on level 7 of the Dungeon.
             The game lasted 00:02:10 (5733 turns).

qw the Skirmisher (Naga Hunter)                     Turns: 5733, Time: 00:02:11

Health: -13/74     AC:  7    Str: 14    XL:     8   Next: 84%
Magic:  8/10       EV: 18    Int:  9    God:    Okawaru [*.....]
Gold:   61         SH:  0    Dex: 17    Spells: 7/7 levels left

rFire   . . .        Y - +3 hand crossbow (freeze)
rCold   + . .        (no shield)
rNeg    . . .        e - +0 leather armour {Will+}
rPois   +            m - +0 helmet
rElec   .            (no cloak)
rCorr   .            h - +0 pair of gloves
SInv    +            (no barding)
Will    ++...        (no amulet)
Stlth   +++          b - +5 ring of evasion
HPRegen 0.32/turn    c - ring of protection from cold
MPRegen 0.12/turn

%: no passive effects
@: heroic, very slow
A: AC +2, large, see invisible, deformed body, poison resistance, slowness 2,
spit poison 1, naga tail 1
a: Spit Poison, Renounce Religion, Heroism


You were on level 7 of the Dungeon.
You worshipped Okawaru.
Okawaru was aware of your devotion.
You visited 2 branches of the dungeon, and saw 8 of its levels.
You also visited: Sewer.

You collected 231 gold pieces.
You spent 170 gold pieces at shops.


Innate Abilities, Weirdness & Mutations

Your serpentine skin is tough. (AC +2)
You have supernaturally acute eyesight. (SInv)
Armour fits poorly on your strangely shaped body.
Your system is resistant to poisons. (rPois)
You cover ground very slowly.
You can spit poison.
You have a snake-like lower body.


   Skills:
 - Level 5.1(10.1) Fighting
 + Level 8.9(13.9) Ranged Weapons
 - Level 1.3(6.3) Armour
 - Level 2.0(7.0) Dodging
 - Level 1.5(6.5) Stealth
 + Level 2.8 Invocations


You had 7 spell levels left.
You didn't know any spells.
Your spell library was empty.

Inventory:

Hand Weapons
 Y - a +3 hand crossbow of freezing (weapon)
Armour
 e - a +0 leather armour of willpower (worn)
 h - a +0 pair of gloves (worn)
 m - a +0 helmet (worn)
Jewellery
 b - a +5 ring of evasion (left hand)
 c - a ring of protection from cold (right hand)
Scrolls
 d - a scroll of identify
Potions
 a - 3 potions of haste
 f - 3 potions of curing
 j - 2 potions of resistance
 k - a potion of cancellation
 l - a potion of magic {unknown}
 n - 2 potions of might

Dungeon Overview and Level Annotations

Branches:
Dungeon (7/15)             Temple (1/1) D:5           Sewer (visited)

Altars:
Ashenzari
Cheibriados
Elyvilon
Fedhas
Gozag
Kikubaaqudgha
Makhleb
Okawaru
Qazlal
Ru
Sif Muna
Trog
Vehumet
Wu Jian
Xom
Yredelemnul
The Shining One

Shops:
D:3 !   D:4 !:(   D:5 [   D:6 !

Annotations:
D:6 1 runed translucent door, Crazy Yiuf
D:7 Joseph


Message History

Press: ? - help, Shift-Dir - straight line, f - hound The splash of poison hits the hound.
The hound is poisoned.
The hound is moderately wounded.
The hound barks!
You shoot a bolt. The bolt barely misses the hound.
The hound bites you but does no damage.
You shoot a bolt. The bolt hits the hound!
The bolt freezes the hound.
You kill the hound!
Okawaru accepts your kill.
You have got your breath back.
Magic restored.
You see here a hound corpse.
Joseph, a Mercenary comes into view.
He is wielding a +0 quarterstaff and carrying a wand of flame (16).
Joseph shouts!
Joseph zaps a wand.
The puff of flame hits you.
Joseph unwields a +0 quarterstaff.
Joseph wields a +1 sling of electrocution.
You hear the crackle of electricity.
Joseph shoots a sling bullet.
The sling bullet misses you.
Enter note:
Enter note: You shoot a bolt.
The bolt hits Joseph.
The bolt freezes Joseph.
Joseph is lightly wounded.
Joseph shoots a sling bullet.
The sling bullet closely misses you.
You shoot a bolt. The bolt hits Joseph.
The bolt freezes Joseph.
Joseph is lightly wounded.
Joseph shoots a sling bullet.
The sling bullet hits you.
You shoot a bolt. The bolt hits Joseph.
The bolt freezes Joseph.
Joseph is moderately wounded.
Joseph shoots a sling bullet.
The sling bullet hits you!
Joseph shoots a sling bullet.
The sling bullet hits you!
You are electrocuted!!
5731 ||| INVOKING Heroism.
You gain the combat prowess of a mighty hero.
You shoot a bolt. The bolt hits Joseph!
The bolt freezes Joseph.
Joseph is heavily wounded.
Joseph shoots a sling bullet.
The sling bullet hits you!
You shoot a bolt. The bolt hits Joseph!
The bolt freezes Joseph.
Joseph is severely wounded.
Joseph shoots a sling bullet.
The sling bullet hits you!
You are electrocuted!!
You die...

#.# #.# #.#.#
#.# #.#.# #.#
#.#.# #.#
#.#.# #.#
#.#.# #.#
#.###.#.###.#
#.....#.....#
#..@%#####
+.....#.#
####..#.#
#..#.# ...#.#
###.#.# #@#.#
#.#.#


You could see Joseph.

Vanquished Creatures
  Edmund (D:6)
  An ice beast (D:6)
  A sky beast (D:6)
  An ogre (D:6)
  Blork the orc (D:5)
  2 kobold brigands (Sewer)
  A scorpion (D:5)
  5 wights (D:6)
  5 hounds
  3 jellies
  A sleepcap (D:6)
  5 iguanas
  An orc wizard (D:5)
  4 gnolls (D:5)
  4 adders
  2 white imps (D:6)
  An ufetubus (D:5)
  A worm (D:2)
  4 dart slugs
  7 orcs
  8 endoplasms
  2 giant cockroaches (D:3)
  3 goblins
  4 hobgoblins (D:1)
  4 jackals (D:2)
  3 quokkas
  13 ball pythons
  5 bats
  4 frilled lizards
  21 kobolds
  26 rats
144 creatures vanquished.

Notes
Turn   | Place    | Note
-------+----------+-------------------------------------------
     0 | D:1      | qw the Naga Hunter began the quest for the Orb.
     0 | D:1      | Reached XP level 1. HP: 19/19 MP: 1/1
     0 | D:1      | 0 ||| qw: Version: 0.3-a-9-g12657ce
     0 | D:1      | 0 ||| qw: Game counter: 1276
     0 | D:1      | 0 ||| qw: Always use a shield: true
     0 | D:1      | 0 ||| qw: God list: Okawaru
     0 | D:1      | 0 ||| qw: Allow faded altars: false
     0 | D:1      | 0 ||| qw: Do Orc after D:15 true
     0 | D:1      | 0 ||| qw: Do second Lair branch before Depths: true
     0 | D:1      | 0 ||| qw: Lair rune preference: random
     0 | D:1      | 0 ||| qw: Plans: Normal
     0 | D:1      | 0 ||| PLANNING D:1-11
    10 | D:1      | 10 ||| INVOKING Spit Poison.
    65 | D:1      | 65 ||| INVOKING Spit Poison.
    69 | D:1      | 69 ||| INVOKING Spit Poison.
   144 | D:1      | 144 ||| INVOKING Spit Poison.
   156 | D:1      | 156 ||| INVOKING Spit Poison.
   161 | D:1      | 161 ||| INVOKING Spit Poison.
   166 | D:1      | Reached skill level 4 in Ranged Weapons
   166 | D:1      | Reached XP level 2. HP: 26/26 MP: 2/2
   169 | D:1      | 169 ||| INVOKING Spit Poison.
   172 | D:1      | 172 ||| INVOKING Spit Poison.
   177 | D:1      | 177 ||| INVOKING Spit Poison.
   192 | D:1      | 192 ||| INVOKING Spit Poison.
   205 | D:1      | 205 ||| INVOKING Spit Poison.
   236 | D:1      | 236 ||| INVOKING Spit Poison.
   242 | D:1      | 242 ||| INVOKING Spit Poison.
   339 | D:1      | 339 ||| INVOKING Spit Poison.
   342 | D:1      | 342 ||| INVOKING Spit Poison.
   348 | D:1      | 348 ||| INVOKING Spit Poison.
   385 | D:1      | 385 ||| INVOKING Spit Poison.
   399 | D:1      | 399 ||| INVOKING Spit Poison.
   411 | D:1      | 411 ||| INVOKING Spit Poison.
   417 | D:1      | 417 ||| INVOKING Spit Poison.
   419 | D:1      | Reached XP level 3. HP: 31/32 MP: 3/3
   440 | D:1      | 440 ||| INVOKING Spit Poison.
   500 | D:1      | 500 ||| INVOKING Spit Poison.
   507 | D:1      | 507 ||| INVOKING Spit Poison.
   612 | D:1      | 612 ||| INVOKING Spit Poison.
   618 | D:1      | 618 ||| INVOKING Spit Poison.
   680 | D:1      | 680 ||| UPGRADING to +0 leather armour of willpower.
   690 | D:1      | 690 ||| DROPPING +0 leather armour.
   691 | D:1      | 691 ||| READING scroll labelled VITELODGHEAS.
   692 | D:1      | 692 ||| DROPPING scroll of butterflies.
   767 | D:2      | 767 ||| INVOKING Spit Poison.
   835 | D:2      | 835 ||| INVOKING Spit Poison.
   840 | D:2      | 840 ||| INVOKING Spit Poison.
   846 | D:2      | 846 ||| INVOKING Spit Poison.
   850 | D:2      | 850 ||| INVOKING Spit Poison.
   853 | D:2      | 853 ||| INVOKING Spit Poison.
   900 | D:2      | 900 ||| INVOKING Spit Poison.
   928 | D:2      | You fall into a shaft and drop 1 floor!
   932 | D:3      | 932 ||| INVOKING Spit Poison.
   962 | D:3      | 962 ||| INVOKING Spit Poison.
   968 | D:3      | 968 ||| INVOKING Spit Poison.
   974 | D:3      | 974 ||| INVOKING Spit Poison.
   977 | D:3      | Reached skill level 5 in Ranged Weapons
   977 | D:3      | Reached XP level 4. HP: 18/39 MP: 4/4
  1074 | D:3      | 1074 ||| READING scroll labelled SOUQISHIRU.
  1075 | D:3      | 1075 ||| DRINKING 3 amethyst potions.
  1103 | D:2      | 1103 ||| INVOKING Spit Poison.
  1116 | D:2      | Identified the +5 whip of Karma {venom, rF+ Dex+3 SInv}
  1216 | D:2      | 1216 ||| INVOKING Spit Poison.
  1217 | D:2      | 1217 ||| INVOKING Spit Poison.
  1330 | D:3      | 1330 ||| INVOKING Spit Poison.
  1349 | D:3      | Found Rozan's Distillery.
  1354 | D:3      | 1354 ||| INVOKING Spit Poison.
  1362 | D:3      | 1362 ||| SHOPLISTING 2 potions of haste (260 gold, have
                  | 113).
  1362 | D:3      | 1362 ||| BUYING potion of curing (39 gold).
  1362 | D:3      | Bought a potion of curing for 39 gold pieces
  1362 | D:3      | 1362 ||| SHOPLISTING potion of haste (130 gold, have 74).
  1362 | D:3      | 1362 ||| BUYING potion of heal wounds (65 gold).
  1362 | D:3      | Bought a potion of heal wounds for 65 gold pieces
  1362 | D:3      | 1362 ||| SHOPLISTING potion of heal wounds (65 gold, have
                  | 9).
  1362 | D:3      | 1362 ||| SHOPLISTING potion of mutation (104 gold, have 9).
  1376 | D:3      | 1376 ||| INVOKING Spit Poison.
  1377 | D:3      | 1377 ||| INVOKING Spit Poison.
  1381 | D:3      | 1381 ||| INVOKING Spit Poison.
  1424 | D:3      | 1424 ||| INVOKING Spit Poison.
  1474 | D:3      | 1474 ||| INVOKING Spit Poison.
  1477 | D:3      | 1477 ||| INVOKING Spit Poison.
  1480 | D:3      | 1480 ||| INVOKING Spit Poison.
  1534 | D:3      | 1534 ||| INVOKING Spit Poison.
  1542 | D:3      | Found a faded altar of an unknown god.
  1660 | D:3      | 1660 ||| UPGRADING to +0 pair of gloves.
  1665 | D:3      | 1665 ||| READING 2 scrolls labelled MASU CEMUO.
  1689 | D:4      | Found Teddasith's Distillery.
  1689 | D:4      | Found Toaphoutt's Book Shoppe.
  1689 | D:4      | Found Eqeycwav's Antique Weapon Shoppe.
  1691 | D:4      | 1691 ||| SHOPLISTING 2 potions of might (88 gold, have 26).
  1691 | D:4      | 1691 ||| SHOPLISTING potion of curing (33 gold, have 26).
  1691 | D:4      | 1691 ||| SHOPLISTING potion of heal wounds (55 gold, have
                  | 26).
  1691 | D:4      | 1691 ||| SHOPLISTING potion of might (44 gold, have 26).
  1691 | D:4      | 1691 ||| Stepping randomly (stuck).
  1848 | D:4      | 1848 ||| INVOKING Spit Poison.
  1855 | D:4      | 1855 ||| INVOKING Spit Poison.
  1858 | D:4      | Reached skill level 3 in Fighting
  1858 | D:4      | Reached XP level 5. HP: 34/49 MP: 5/5
  1911 | D:4      | 1911 ||| DROPPING +2 sling of freezing.
  1954 | D:4      | 1954 ||| INVOKING Spit Poison.
  1958 | D:4      | 1958 ||| INVOKING Spit Poison.
  2114 | D:4      | 2114 ||| INVOKING Spit Poison.
  2269 | D:4      | 2269 ||| INVOKING Spit Poison.
  2276 | D:4      | 2276 ||| INVOKING Spit Poison.
  2372 | D:4      | Found a stormy altar of Qazlal.
  2593 | D:4      | 2593 ||| READING scroll labelled ZYBLUS IDGHAXT.
  2694 | D:4      | 2694 ||| READING scroll labelled ZOEXEIXZENI.
  2695 | D:4      | 2695 ||| READING scroll labelled BONOCEO GUTI.
  2696 | D:4      | 2696 ||| READING scroll labelled VERPHE ORRYABBO.
  2697 | D:4      | 2697 ||| DRINKING 2 red potions.
  2698 | D:4      | 2698 ||| READING 4 scrolls of identify.
  2698 | D:4      | 2698 ||| IDENTIFYING white potion
  2699 | D:4      | 2699 ||| READING 3 scrolls of identify.
  2699 | D:4      | 2699 ||| IDENTIFYING green potion
  2700 | D:4      | 2700 ||| READING 2 scrolls of identify.
  2700 | D:4      | 2700 ||| IDENTIFYING murky white potion
  2701 | D:4      | 2701 ||| DROPPING potion of brilliance.
  2702 | D:4      | 2702 ||| DROPPING potion of attraction.
  2730 | D:5      | Entered Level 5 of the Dungeon
  2731 | D:5      | 2731 ||| PLANNING SEWER
  2732 | D:5      | 2732 ||| INVOKING Spit Poison.
  2734 | D:5      | Reached skill level 6 in Ranged Weapons
  2734 | D:5      | Reached XP level 6. HP: 56/56 MP: 6/6
  2740 | D:5      | 2740 ||| INVOKING Spit Poison.
  2793 | D:5      | Found Ufivahox's Antique Armour Emporium.
  2828 | D:5      | 2828 ||| INVOKING Spit Poison.
  2842 | D:5      | 2842 ||| SHOPLISTING glowing cloak (195 gold, have 58).
  2842 | D:5      | 2842 ||| SHOPLISTING runed cloak (195 gold, have 58).
  2842 | D:5      | 2842 ||| SHOPLISTING runed ring mail (182 gold, have 58).
  2852 | D:5      | Found a white marble altar of Elyvilon.
  2884 | D:5      | 2884 ||| INVOKING Spit Poison.
  2894 | D:5      | Found a staircase to the Ecumenical Temple.
  2903 | D:5      | Noticed Blork the orc
  2906 | D:5      | 2906 ||| INVOKING Spit Poison.
  2907 | D:5      | Killed Blork the orc
  2908 | D:5      | Reached XP level 7. HP: 64/64 MP: 7/7
  2911 | D:5      | 2911 ||| SWAPPING to +0 arbalest.
  2912 | D:5      | 2912 ||| DROPPING +1 heavy shortbow.
  2932 | D:5      | 2932 ||| INVOKING Spit Poison.
  2936 | D:5      | 2936 ||| INVOKING Spit Poison.
  2941 | D:5      | 2941 ||| INVOKING Spit Poison.
  2947 | D:5      | 2947 ||| INVOKING Spit Poison.
  2952 | D:5      | 2952 ||| INVOKING Spit Poison.
  2992 | D:5      | 2992 ||| INVOKING Spit Poison.
  3145 | D:5      | 3145 ||| INVOKING Spit Poison.
  3152 | D:5      | Found a radiant altar of Vehumet.
  3286 | D:5      | Found a glowing drain.
  3287 | D:5      | 3287 ||| UPGRADING to +0 helmet.
  3292 | D:5      | 3292 ||| READING scroll labelled KOAS QAALO.
  3293 | D:5      | 3293 ||| READING scroll labelled BATU SOSSELAU.
  3293 | D:5      | Identified a scroll of acquirement
  3293 | D:5      | 3293 ||| ACQUIRING +3 hand crossbow of freezing
  3293 | D:5      | Acquired a +3 hand crossbow of freezing
  3295 | D:5      | 3295 ||| SWAPPING to +3 hand crossbow of freezing.
  3296 | D:5      | 3296 ||| DROPPING +0 arbalest.
  3297 | D:5      | 3297 ||| READING scroll labelled SAOR ZIYRGH.
  3302 | Sewer    | Entered a sewer
  3333 | Sewer    | 3333 ||| INVOKING Spit Poison.
  3394 | Sewer    | 3394 ||| INVOKING Spit Poison.
  3434 | Sewer    | 3434 ||| INVOKING Spit Poison.
  3447 | Sewer    | 3447 ||| INVOKING Spit Poison.
  3450 | Sewer    | 3450 ||| INVOKING Spit Poison.
  3455 | Sewer    | 3455 ||| INVOKING Spit Poison.
  3478 | Sewer    | 3478 ||| INVOKING Spit Poison.
  3482 | Sewer    | 3482 ||| INVOKING Spit Poison.
  3548 | Sewer    | 3548 ||| INVOKING Spit Poison.
  3554 | Sewer    | 3554 ||| INVOKING Spit Poison.
  3560 | Sewer    | 3560 ||| INVOKING Spit Poison.
  3572 | Sewer    | 3572 ||| Stepping ~*~*~tactically~*~*~ (outnumbered).
  3573 | Sewer    | 3573 ||| Stepping ~*~*~tactically~*~*~ (outnumbered).
  3574 | Sewer    | 3574 ||| INVOKING Spit Poison.
  3579 | Sewer    | Reached skill level 7 in Ranged Weapons
  3579 | Sewer    | 3579 ||| INVOKING Spit Poison.
  3582 | Sewer    | 3582 ||| INVOKING Spit Poison.
  3585 | Sewer    | 3585 ||| INVOKING Spit Poison.
  3585 | Sewer    | HP: 15/64 [kobold brigand/+2 short sword of speed (3)]
  3586 | Sewer    | 3586 ||| READING 2 scrolls of teleportation.
  3587 | Sewer    | 3587 ||| DRINKING 2 potions of heal wounds.
  3591 | Sewer    | 3591 ||| INVOKING Spit Poison.
  3592 | Sewer    | HP: 13/64 [asphyx]
  3593 | Sewer    | 3593 ||| READING scroll of teleportation.
  3594 | Sewer    | 3594 ||| DRINKING potion of heal wounds.
  3595 | Sewer    | 3595 ||| INVOKING Spit Poison.
  3600 | Sewer    | Reached skill level 1 in Armour
  3728 | Sewer    | 3728 ||| INVOKING Spit Poison.
  3802 | Sewer    | 3802 ||| INVOKING Spit Poison.
  3890 | Sewer    | 3890 ||| READING scroll labelled AQIQESHR VARI.
  3891 | Sewer    | 3891 ||| DRINKING 2 silvery potions.
  3892 | Sewer    | 3892 ||| READING 2 scrolls of identify.
  3892 | Sewer    | 3892 ||| IDENTIFYING metallic pink potion
  3893 | Sewer    | 3893 ||| DROPPING potion of invisibility.
  3919 | D:5      | 3919 ||| PLANNING TEMPLE
  3976 | Temple   | Entered the Ecumenical Temple
  3985 | Temple   | 3985 ||| PLANNING OKAWARU WORSHIP
  4033 | Temple   | Became a worshipper of Warmaster Okawaru
  4034 | Temple   | 4034 ||| PLANNING D:1-11
  4062 | D:5      | 4062 ||| STAIRDANCE
  4066 | D:5      | 4066 ||| STAIRDANCE
  4070 | D:5      | 4070 ||| STAIRDANCE
  4074 | D:5      | 4074 ||| STAIRDANCE
  4078 | D:5      | 4078 ||| STAIRDANCE
  4082 | D:5      | 4082 ||| STAIRDANCE
  4086 | D:5      | 4086 ||| STAIRDANCE
  4090 | D:5      | 4090 ||| STAIRDANCE
  4094 | D:5      | 4094 ||| STAIRDANCE
  4098 | D:5      | 4098 ||| STAIRDANCE
  4102 | D:5      | 4102 ||| STAIRDANCE
  4106 | D:5      | 4106 ||| STAIRDANCE
  4110 | D:5      | 4110 ||| STAIRDANCE
  4114 | D:5      | 4114 ||| STAIRDANCE
  4118 | D:5      | 4118 ||| STAIRDANCE
  4122 | D:5      | 4122 ||| STAIRDANCE
  4126 | D:5      | 4126 ||| STAIRDANCE
  4130 | D:5      | 4130 ||| STAIRDANCE
  4134 | D:5      | 4134 ||| STAIRDANCE
  4138 | D:5      | 4138 ||| STAIRDANCE
  4177 | D:4      | 4177 ||| SHOPLISTING glowing longbow (266 gold, have 86).
  4177 | D:4      | 4177 ||| Stepping randomly (stuck).
  4326 | D:6      | 4326 ||| PLANNING OSSUARY
  4373 | D:6      | Noticed Edmund
  4376 | D:6      | 4376 ||| INVOKING Spit Poison.
  4379 | D:6      | 4379 ||| INVOKING Spit Poison.
  4381 | D:6      | Killed Edmund
  4486 | D:6      | Reached XP level 8. HP: 70/72 MP: 8/8
  4487 | D:6      | Reached * piety under Okawaru
  4488 | D:6      | Reached skill level 8 in Ranged Weapons
  4494 | D:6      | Found a glowing golden altar of the Shining One.
  4526 | D:6      | 4526 ||| INVOKING Heroism.
  4527 | D:6      | 4527 ||| INVOKING Heroism.
  4528 | D:6      | 4528 ||| INVOKING Heroism.
  4529 | D:6      | 4529 ||| INVOKING Spit Poison.
  4567 | D:6      | Found Wapniroo's Distillery.
  4677 | D:6      | 4677 ||| BUYING 2 potions of curing (66 gold).
  4677 | D:6      | Bought 2 potions of curing for 66 gold pieces
  4677 | D:6      | 4677 ||| SHOPLISTING potion of curing (33 gold, have 30).
  4677 | D:6      | 4677 ||| SHOPLISTING potion of enlightenment (55 gold, have
                  | 30).
  4677 | D:6      | 4677 ||| SHOPLISTING potion of magic (88 gold, have 30).
  4677 | D:6      | 4677 ||| SHOPLISTING potion of might (44 gold, have 30).
  4811 | D:6      | 4811 ||| RIP OSSUARY
  4816 | D:6      | 4816 ||| PLANNING D:1-11
  4816 | D:6      | 4816 ||| INVOKING Spit Poison.
  4820 | D:6      | 4820 ||| INVOKING Spit Poison.
  4963 | D:6      | 4963 ||| INVOKING Spit Poison.
  4967 | D:6      | 4967 ||| INVOKING Spit Poison.
  5046 | D:6      | 5046 ||| INVOKING Heroism.
  5090 | D:6      | 5090 ||| INVOKING Spit Poison.
  5108 | D:6      | Reached skill level 1 in Invocations
  5229 | D:6      | Found a runed translucent door.
  5230 | D:6      | Noticed Crazy Yiuf
  5257 | D:6      | 5257 ||| INVOKING Spit Poison.
  5585 | D:6      | 5585 ||| UPGRADING to +5 ring of evasion.
  5586 | D:6      | 5586 ||| UPGRADING to ring of protection from cold.
  5587 | D:6      | 5587 ||| DROPPING +6 ring of intelligence.
  5588 | D:6      | 5588 ||| READING scroll labelled HUAZOX WITO.
  5589 | D:6      | 5589 ||| READING 2 scrolls of identify.
  5589 | D:6      | 5589 ||| IDENTIFYING fuming brown potion
  5590 | D:6      | 5590 ||| DROPPING potion of degeneration.
  5713 | D:7      | 5713 ||| INVOKING Spit Poison.
  5727 | D:7      | Noticed Joseph
  5731 | D:7      | 5731 ||| INVOKING Heroism.
  5732 | D:7      | HP: 13/74 [Joseph/sling bullet (10)]
  5733 | D:7      | HP: 5/74 [Joseph/sling bullet (8)]
  5733 | D:7      | Shot with a sling bullet by Joseph

Levels and vault maps discovered:
D:1:      psy_arrival_basics, layout_loops_ring, minmay_crystal_water
D:2:      layout_rooms, nicolae_elevator_lobby_plus
D:3:      layout_rooms, basic_ecumenical_altar, serial_shops,
          nicolae_shop_industrial_runoff
D:4:      layout_basic, mainiacjoe_overflow_alcove_4, amcnicky_mini_pool_small,
          hangedman_abyss_or_decor_stagger, nicolae_shop_distant_corner_stores
D:5:      layout_basic, mainiacjoe_overflow_six_doors_small,
          nicolae_elyvilon_temple_path, minmay_temple_entry_arrows,
          portal_sewer_entry_e, kennysheep_windowed_goal, uniq_blork_the_orc
D:6:      dreamdust_elfheim, layout_basic, nicolae_tso_carved_into_rock,
          nicolae_ossuary_entry_false_entrances, serial_shops,
          nicolae_shop_statue_plus, uniq_edmund, uniq_crazy_yiuf_cottage
D:7:      layout_basic, uniq_joseph, uniq_prince_ribbit1
Temple:   nicolae_temple_god_jail

Skill      XL: |  1  2  3  4  5  6  7  8 |
---------------+-------------------------+-----
Ranged Weapons | 4 5 6 7 8 |  8.9
Fighting       | 3 4 5 |  5.1
Dodging        | 2 |  2.0
Armour         | 1 |  1.3
Invocations    | 2 |  2.8
Stealth        | |  1.5

Action                     |  1- 3 |  4- 6 |  7- 9 || total
---------------------------+-------+-------+-------++-------
   Fire: Shortbow          |    80 |    72 |       ||   152
         Hand crossbow     |       |       |   103 ||   103
         Arbalest          |       |       |    14 ||    14
 Invoke: Heroism           |       |       |     3 ||     3
Ability: Spit Poison       |    36 |    23 |    36 ||    95
    Use: Scroll            |     1 |     9 |     9 ||    19
         Potion            |       |     2 |     3 ||     5
 Armour: Leather armour    |    12 |     3 |    20 ||    35
  Dodge: Dodged            |    30 |     8 |    39 ||    77

Table legend:
 A = Non-vault XP
 B = Vault XP
 C = Vault XP percentage of total XP
 D = Non-vault monster count
 E = Vault monster count
 F = Vault count percentage of total count
                 A         B        C        D         E       F
            +---------+---------+-------+---------+---------+-------
      Total |    1640 |     532 |  24.5 |      98 |      46 |  31.9
            +---------+---------+-------+---------+---------+-------
        D:1 |      43 |       0 |   0.0 |      28 |       0 |   0.0
        D:2 |      30 |       0 |   0.0 |      14 |       0 |   0.0
        D:3 |      60 |       0 |   0.0 |      15 |       0 |   0.0
        D:4 |     168 |       0 |   0.0 |       7 |       0 |   0.0
        D:5 |     281 |     151 |  35.0 |      16 |       4 |  20.0
        D:6 |    1015 |     154 |  13.2 |      17 |       1 |   5.6
        D:7 |      43 |       0 |   0.0 |       1 |       0 |   0.0
      Sewer |       0 |     227 | 100.0 |       0 |      41 | 100.0
            +---------+---------+-------+---------+---------+-------
